Map: Apotheosis LE

Players

ByuN - Winner!

  • Race: Terran Terran

Dark

  • Race: Zerg Zerg

Event: 2016 WCS Global Finals

VOD

https://youtu.be/pVy6WSIajV4

Description

Time

  • Played on: Nov. 5, 2016, 6:21 p.m.
  • Length: 11:19

All games in this series

Show
View Real Time Build Order
Export as new Build Order

ByuN Terran - Winner!

Build Orders: Hellion Opening, Reaper Expand, MMM Bio 

Get SALT Encoding   

  12  0:00  SCV  
  13  0:12  SCV  
  14  0:17  Supply Depot  
  14  0:24  SCV  
  14  0:27  Refinery  
  15  0:38  SCV  
  16  0:45  Barracks  
  16  0:50  SCV  
  17  1:02  SCV  
  18  1:14  SCV  
  19  1:32  Reaper, Orbital Command  
  20  1:42  Command Center  
  20  1:53  Factory  
  20  1:57  SCV  
  21  2:05  Barracks Reactor  
  21  2:07  Supply Depot  
  21  2:10  SCV  
  22  2:22  SCV  
  23  2:34  SCV  
  24  2:45  Hellion  
  24  2:46  Hellion, SCV  
  24  2:48  Reaper  
  30  2:54  Orbital Command  
  30  2:58  SCV  
  30  3:01  Armory  
  31  3:08  Hellion x2  
  31  3:10  SCV  
  31  3:11  Supply Depot  
  35  3:20  Barracks Tech Lab  
  35  3:22  SCV  
  35  3:23  SCV  
  37  3:29  Hellion x2  
  41  3:34  SCV, Supply Depot  
  41  3:35  SCV  
  43  3:46  SCV  
  43  3:47  SCV, Marine  
  43  3:48  Stimpack  
  46  3:54  Hellion  
  46  3:55  Hellion  
  50  3:57  Supply Depot  
  50  3:58  SCV  
  50  3:59  SCV  
  52  4:05  Marine  
  53  4:10  SCV  
  53  4:15  Command Center  
  54  4:17  SCV  
  54  4:22  SCV  
  54  4:23  Marine  
  56  4:29  SCV  
  55  4:35  SCV  
  53  4:40  Hellion x2  
  53  4:41  Marine  
  53  4:42  SCV  
  57  4:47  SCV  
  57  4:51  Engineering Bay  
  57  4:52  Engineering Bay  
  58  4:54  Refinery, SCV  
  58  4:58  Marine  
  58  4:59  SCV  
  59  5:06  SCV  
  56  5:08  Hellion x2  
  56  5:11  SCV  
  61  5:14  Barracks  
  61  5:16  Marine  
  61  5:17  Barracks  
  61  5:18  SCV  
  61  5:20  Supply Depot  
  63  5:22  Refinery  
  63  5:23  Refinery, SCV  
  63  5:25  Terran Infantry Weapons Level 1, Terran Infantry Armor Level 1  
  64  5:34  Marine  
  65  5:38  Barracks  
  65  5:39  Barracks, Orbital Command, Supply Depot  
  65  5:43  SCV x2  
  67  5:50  Hellion  
  67  5:51  Starport  
  67  5:52  Marine  
  67  5:53  Hellion  
  67  5:54  Combat Shields  
  67  5:56  Orbital Command  
  72  5:59  SCV  
  72  6:00  SCV  
  74  6:07  Barracks Reactor x2  
  74  6:10  Marine  
  75  6:12  SCV x2  
  75  6:17  Hellion x2, Supply Depot  
  81  6:25  Barracks Reactor  
  81  6:28  Barracks Reactor, SCV, Marine  
  81  6:29  SCV  
  81  6:31  SCV  
  85  6:40  SCV  
  85  6:41  SCV  
  85  6:43  SCV  
  85  6:46  Factory Reactor, Marine x4  
  93  6:48  Supply Depot x2, Medivac  
  93  6:50  Medivac  
  93  6:52  SCV  
  93  6:53  SCV  
  98  6:55  SCV  
  98  6:58  Terran Vehicle And Ship Armor Level 1  
  99  7:03  Supply Depot  
  99  7:04  Supply Depot, SCV, Marine x6  
  99  7:06  Marine  
  99  7:08  Marine  
  108  7:10  Marauder  
  110  7:21  Medivac x2  
  114  7:24  Marine x4  
  114  7:25  Marine x4  
  122  7:31  Marauder, Supply Depot  
  122  7:32  Supply Depot  
  122  7:36  Supply Depot  
  124  7:37  Widow Mine x2  
  128  7:46  Marine x7  
  128  7:47  Marine  
  128  7:48  Terran Infantry Armor Level 2, Terran Infantry Weapons Level 2  
  136  7:53  Marauder  
  136  7:54  Supply Depot  
  136  7:55  Refinery  
  136  7:57  Supply Depot  
  138  8:06  Widow Mine x2, Marine x4  
  138  8:07  Marine x2  
  138  8:11  Marine  
  136  8:13  Marine  
  136  8:14  Marauder  
  121  8:23  SCV  
  121  8:24  SCV x2, Marine x2  
  122  8:32  Marine x2  
  122  8:33  Marine x2  
  114  8:34  Widow Mine  
  114  8:35  Marauder, Marine x2  
  114  8:37  Widow Mine  
  121  8:42  Marine x2  
  122  8:50  Marine x2  
  122  8:51  Marine x2  
  122  8:52  Marine  
  122  8:55  Marine  
  125  8:57  Marauder  
  125  8:59  Marine x2  
  125  9:01  Barracks  
  126  9:03  Barracks, Widow Mine  
  126  9:06  Barracks, Medivac  
  126  9:07  Medivac  
  126  9:08  Marine x2  
  134  9:15  Marine x4  
  138  9:18  Marauder  
  138  9:19  Marine x2  
  138  9:20  Widow Mine  
  144  9:34  Marine x6  
  144  9:36  Medivac  
  144  9:37  Medivac  
  153  9:40  Marauder  
  153  9:44  Marine  
  153  9:45  Marine  
  154  9:51  Marine  
  153  9:55  Marine x2  
  153  9:56  Marine  
  153  9:57  Command Center  
  145  10:00  Marine x2  
  145  10:01  Marauder  
  145  10:02  Widow Mine x2, Marine x2  
  145  10:03  Barracks Reactor  
  145  10:04  Barracks Tech Lab x2  
  145  10:06  Medivac  
  145  10:07  Medivac  
  155  10:09  Marine  
  155  10:12  Marine x2  
  151  10:22  Marauder  
  151  10:23  Marine  
  151  10:26  Marine x2  
  151  10:28  Marine  
  157  10:30  Widow Mine  
  158  10:36  Medivac x2  
  158  10:38  Widow Mine  
  164  10:44  Marauder  
  166  10:50  Marine  
  166  10:51  Marine x2  
  166  10:52  Marauder  
  166  10:55  Marine  
  168  10:57  Marine  
  168  10:58  Marine  
  168  11:01  Marine  
  168  11:04  Unknown  
Show
View Real Time Build Order
Export as new Build Order

Dark Zerg 

Build Orders: Pool First 

Get SALT Encoding   

  12  0:01  Drone  
  13  0:12  Overlord  
  13  0:19  Drone  
  14  0:30  Drone x2  
  16  0:36  Drone  
  17  0:44  Extractor  
  17  0:49  Drone  
  17  0:52  Spawning Pool  
  17  0:55  Drone  
  17  1:07  Drone  
  18  1:17  Drone  
  19  1:22  Hatchery  
  18  1:27  Drone  
  19  1:38  Queen  
  21  1:41  Zergling x2  
  22  1:48  Metabolic Boost  
  22  1:53  Overlord  
  22  2:13  Drone x2  
  22  2:14  Queen  
  26  2:23  Drone  
  27  2:33  Queen  
  27  2:36  Drone x2  
  31  2:44  Overlord  
  31  2:46  Drone x2  
  31  2:47  Drone  
  34  2:52  Pneumatized Carapace  
  34  2:58  Zergling x2  
  34  3:00  Drone  
  36  3:05  Drone  
  37  3:15  Drone  
  38  3:21  Drone x3, Hatchery  
  38  3:24  Queen  
  42  3:29  Overlord  
  42  3:31  Zergling x2  
  42  3:32  Zergling x2  
  44  3:42  Overlord  
  44  3:47  Zergling x2  
  44  3:49  Zergling x4  
  44  3:50  Queen  
  48  3:57  Zergling x2  
  48  3:58  Zergling x4  
  48  4:00  Queen  
  53  4:03  Drone  
  53  4:05  Drone  
  55  4:11  Drone  
  55  4:14  Drone x3  
  59  4:18  Drone, Extractor  
  48  4:33  Zergling x2  
  48  4:36  Zergling x10  
  44  4:47  Drone x2  
  44  4:50  Drone  
  44  4:51  Drone  
  44  4:52  Drone  
  48  4:53  Drone  
  48  4:55  Drone  
  48  4:57  Drone x2  
  52  5:07  Drone x2  
  46  5:10  Drone  
  46  5:12  Drone  
  47  5:20  Drone x2  
  49  5:26  Drone x2  
  49  5:28  Drone x3  
  54  5:29  Drone  
  54  5:35  Drone x2, Evolution Chamber  
  56  5:37  Evolution Chamber  
  56  5:40  Drone x2  
  57  5:43  Drone  
  57  5:48  Drone x2  
  60  5:52  Drone x2  
  60  5:56  Zergling x6  
  65  5:59  Drone  
  66  6:05  Zerg Ground Armor Level 1, Zerg Melee Weapons Level 1  
  66  6:06  Overlord  
  66  6:09  Lair  
  66  6:15  Baneling Nest  
  65  6:26  Drone x8  
  65  6:31  Drone  
  65  6:32  Extractor  
  73  6:34  Overlord x2  
  73  6:37  Extractor, Queen  
  74  6:49  Hatchery  
  74  6:50  Zergling x2  
  74  6:51  Overlord  
  74  6:53  Zergling x14  
  81  6:58  Drone x3  
  81  7:00  Drone x3  
  87  7:01  Zergling x2  
  87  7:06  Centrifical Hooks  
  88  7:11  Drone  
  88  7:15  Hatchery  
  88  7:22  Overlord x2  
  88  7:24  Zergling x4  
  88  7:25  Zergling x6  
  88  7:28  Baneling x4  
  88  7:29  Baneling x4  
  93  7:30  Baneling  
  93  7:36  Infestation Pit  
  93  7:37  Zergling x12  
  93  7:40  Zergling x2  
  93  7:41  Zergling x4  
  101  7:46  Baneling  
  101  7:47  Baneling x7  
  101  7:50  Zergling x6  
  104  7:53  Baneling x2  
  104  7:59  Baneling x2  
  104  8:00  Zergling x4  
  104  8:01  Baneling x5  
  104  8:05  Baneling  
  90  8:20  Zergling x20  
  90  8:26  Queen x2  
  98  8:32  Zergling x8  
  98  8:33  Zergling x4  
  96  8:38  Zergling x12  
  96  8:39  Queen  
  96  8:41  Baneling x5  
  97  8:44  Zergling x2  
  92  8:50  Zergling x4  
  92  8:53  Baneling x3  
  90  8:56  Zergling x10  
  90  8:57  Queen  
  90  8:58  Zergling x2  
  90  8:59  Zergling x6  
  90  9:01  Queen  
  103  9:03  Baneling x2  
  103  9:04  Baneling  
  103  9:08  Zergling x4  
  104  9:13  Zergling x8  
  104  9:14  Baneling x2  
  104  9:15  Baneling  
  104  9:16  Baneling x2  
  108  9:20  Zergling x8  
  108  9:22  Baneling x3  
  112  9:24  Baneling  
  110  9:36  Zergling x4  
  108  9:41  Zergling x12  
  108  9:42  Hive  
  108  9:45  Overseer  
  114  9:56  Zergling x2  
  114  9:57  Zergling x18  
  114  10:00  Zergling x6  
  114  10:03  Zergling x6  
  116  10:08  Zergling x2  
  116  10:09  Zergling x6  
  116  10:10  Baneling  
  116  10:11  Baneling x3  
  116  10:12  Zergling x4  
  116  10:14  Overseer  
  116  10:15  Queen  
  116  10:19  Zergling x6  
  121  10:22  Zergling x4  
  121  10:27  Zergling x6  
  125  10:32  Drone  
  125  10:34  Drone  
  125  10:37  Baneling  
  125  10:38  Baneling x7  
  125  10:44  Overlord x5  
  125  10:47  Baneling  
  125  10:48  Baneling x4  
  113  11:02  Zergling x2  
Tags
 
Add a new tag
Caveats
  • Supply blocks, unpowered buildings, or Contaminate may cause inaccurate times.
  • Supply counts are checked every 10 seconds.